woodfighter, chaotic female elven Rogue ----- ---------- |...| |.<...*...######|...| |........| #|...-# |........-# #---|-# ###'@############### |........|# ##### # #------------- # ----.-----# # # #|`.........`| ### # # # # #|.....`.....| # ### ### # # #|...-----...| ##%-------------- # # # # )|.....{.|...| #%-............| ### ###---.- ### #|..`|{.{|`..| % |........%...| # #.....######|...|.{.|...| ##[#-......%.....| ### |...| ###|...-----...| %###-------------- # |...| #|.....`.....| #### ## |...| |`.........`.######## --|---------- ----- ------------- ### |...).......| # |.........>.-###############################` # ------------- woodfighter the Rogue Experience level: 6 Strength: 17 Dexterity: 19 Constitution: 13 Intelligence: 10 Wisdom: 9 Charisma: 7 Health: 0(48) Energy: 23(23) Def: 6 Gold: 0 Moves: 3512 Dungeon seed: CLMQ4Li_X6-UMeJ6 Game ID: woodfighter_1511370085 Your Inventory: Weapons a - a +0 elven short sword (weapon in hand) b - 10 +0 elven daggers (in quiver) t - the cursed rustproof +0 Magicbane Armor e - an uncursed +1 leather armor (being worn) n - an uncursed +0 orcish helm (being worn) r - a cursed -6 pair of levitation boots N - a blessed +0 cloak of magic resistance (being worn) Y - a blessed +0 pair of water walking boots (being worn) Comestibles k - 4 uncursed food rations u - a cursed apple v - a cursed eucalyptus leaf w - an uncursed melon z - an uncursed sprig of wolfsbane H - an uncursed lichen corpse L - an uncursed partly eaten food ration X - an uncursed tin of lichen Spellbooks c - an uncursed spellbook of restore ability Potions d - a cursed potion of confusion C - 3 uncursed potions of hallucination K - an uncursed potion of water Wands h - a wand of opening (0:3) j - a wand of sleep (0:0) o - a wand of probing (0:6) p - a cursed wand of nothing (0:8) I - a wand of striking (0:6) P - a wand of opening (0:6) Z - a cursed wand of create monster (0:15) Tools g - an uncursed blindfold y - an uncursed lock pick F - a cursed bag of holding Spells and supernatural/magical abilities: Name Level Category Fail Memory W - pray for help -- divine ? -- Your skills at the end: Miscellaneous Skills wands [Basic] Weapon Skills dagger [Basic] short sword [Basic] Spellcasting Skills Final Attributes: You were piously aligned. You were sleep resistant. You were magic-protected. You were telepathic. You had infravision. You were stealthy. You could walk on water. You were held by a rope golem. You are dead (2nd time!). Vanquished creatures: a dust vortex a human zombie 4 fire ants a baby crocodile a rock piercer a gnome lord a floating eye 2 kittens 3 iguanas 5 hill orcs 2 rothes 2 jitterbugs 3 dwarf zombies 5 coyotes a gas spore a hobbit an acid blob 2 geckos a giant rat 2 cave spiders a green mold a red mold a garter snake 3 jackals 6 newts 6 goblins 6 grid bugs a bat 4 lichens a kobold zombie 70 creatures vanquished. Voluntary challenges: You did not cause conflict. You were not invisible. You did not have reflection. You were not displaced. You used a wielded weapon 90 times, starting on turn 1. You did not apply a unicorn horn. You did not use plumbed fixtures. You did not drink any magical draughts. You were illiterate. You never genocided any monsters. You never polymorphed an object. You never changed form. You used no wishes. You never split a pudding. You never wrote Elbereth's name. You never violated your personal moral code. Dungeon overview: The Dungeons of Doom: levels 1 to 7 Level 1 an altar to Kos, some fountains a long staircase Level 2 a scroll shop, a fountain Level 3 a jewelry store Level 4 an altar to Kos stairs to The Gnomish Mines Level 5 (stash) some fountains Level 6 <- You were here many fountains Level 7 The Gnomish Mines: Level 5 stairs to The Dungeons of Doom History has recorded: On T:1 you entered the Dungeons of Doom to retrieve the Amulet of Yendor! On T:134 you reached level 2 of The Dungeons of Doom. On T:410 you reached level 3 of The Dungeons of Doom. On T:487 you advanced to experience level 2. On T:1128 you advanced to experience level 3. On T:1144 you reached level 4 of The Dungeons of Doom. On T:1320 you reached level 5 of The Dungeons of Doom. On T:1428 you reached level 1 of The Gnomish Mines. On T:1608 you advanced to experience level 4. On T:1675 you reached level 6 of The Dungeons of Doom. On T:2735 you advanced to experience level 5. On T:3132 you reached level 7 of The Dungeons of Doom. On T:3332 you advanced to experience level 6. On T:3380 you were saved from death by your amulet of life saving! Score breakdown: Gold: 0 ( 0 points) Experience: 6 levels ( 500 points) Exploration: 7 levels ( 180 points) Discoveries: 16 items ( 800 points) Variety of kills: 30 monsters ( 1500 points) Major goal: (nothing yet) ( 0 points) Survival: died (score multiplied by 3) Total score: 8940 Latest messages: b - 2 +0 elven daggers (in quiver). b - a +0 elven dagger (in quiver). b - 3 +0 elven daggers (in quiver). You see here a dwarf corpse. You see here a tin. X - a tin. b - a +0 elven dagger (in quiver). You see here a dwarf corpse. You see here a gold spellbook. c - a gold spellbook. You see here a dwarf corpse. The door resists! The door opens. You stop exploring. You stab the rope golem. The rope golem claws you! (2x) The rope golem grabs you! You stab the rope golem! The rope golem claws you! (2x) You are being choked. The elven dagger hits the rope golem. The rope golem claws you! (2x) You are being choked. You die... The bag of holding is empty. The bag of holding is empty. Final status: Goodbye woodfighter the Rogue, killed by a rope golem... You died in The Dungeons of Doom on dungeon level 6 with 8940 points, and 0 pieces of gold, after 3512 moves. You were level 6 with a maximum of 48 hit points when you died.